AoeStats
← Dafixios

Lombardia

509003108Analyzed
2v2 RM · 8d ago on Sep 25, 2026· 55m 44s· 4 players
Game mode
Random Map
Map size
Medium (4 player)
Population
200
Speed
Normal
Resources
Standard
Victory
Conquest
Starting age
Dark Age
Ending age
Imperial Age
RankedLock teamsTeams togetherTeam positionsShared explorationLock speedFull tech treeHidden civsTurbo modeCheats
Victory
Defeat
🇲🇽 Franks · Mexico
1119
+15
🇲🇽 Chinese · Mexico
1105
+15
🇦🇷 Ethiopians · Argentina
1125
-16
🇵🇪 Huns · Peru
1068
-14
Alexr_93
0:28 Loom
10:53 Feudal Age
21:08 Fletching
21:19 Padded Archer Armor
24:33 Castle Age
33:35 Elite Skirmisher
35:36 Leather Archer Armor
35:48 Bodkin Arrow
37:49 Ballistics
37:17 Double-Bit Axe
37:17 Horse Collar
38:55 Crossbowman
41:51 Wheelbarrow
41:02 Town Watch
42:37 Thumb Ring
43:56 Heavy Plow
44:08 Bow Saw
44:15 Gold Mining
44:18 Stone Mining
48:23 Imperial Age
46:03 Pikeman
46:43 Squires
47:21 Scale Mail Armor
48:50 Chain Mail Armor
48:46 Forging
48:50 Halberdier
53:14 Plate Mail Armor
Dafixios
6:45 Loom
9:15 Feudal Age
12:10 Double-Bit Axe
14:39 Scale Barding Armor
19:16 Castle Age
20:57 Bow Saw
22:24 Husbandry
23:40 Wheelbarrow
22:54 Town Watch
24:46 Fletching
25:24 Ballistics
27:01 Bodkin Arrow
27:58 Hand Cart
30:19 Town Patrol
31:58 Treadmill Crane
34:34 Chain Barding Armor
33:53 Ordonnance Companies
38:48 Imperial Age
40:16 Forging
40:43 Plate Barding Armor
41:19 Chemistry
39:43 Cavalier
41:10 Chivalry
41:32 Conscription
42:50 Iron Casting
45:17 Paladin
47:15 Blast Furnace
49:45 Light Cavalry
55:24 Pikeman
56:05 Squires
Eyaculador de Poemas
7:35 Loom
9:21 Feudal Age
10:46 Double-Bit Axe
10:44 Horse Collar
13:42 Scale Barding Armor
21:46 Castle Age
20:32 Forging
21:04 Bloodlines
22:43 Husbandry
23:55 Iron Casting
25:05 Chain Barding Armor
29:44 Gold Mining
32:32 Marauders
33:18 Wheelbarrow
35:09 Hand Cart
38:42 Imperial Age
36:19 Town Watch
38:03 Gold Shaft Mining
37:19 Stone Mining
37:42 Bow Saw
40:17 Plate Barding Armor
40:43 Blast Furnace
42:32 Conscription
42:09 Elite Tarkan
adessomariano
7:55 Loom
10:24 Feudal Age
16:51 Castle Age
17:03 Crossbowman
22:47 Fletching
26:32 Wheelbarrow
28:03 Elite Skirmisher
31:44 Padded Archer Armor
37:12 Bodkin Arrow
44:17 Imperial Age
44:39 Arbalester
45:24 Thumb Ring
47:02 Squires
46:22 Halberdier
47:10 Squires
48:21 Conscription
53:30 Forging
Connection lost

Rejoining the realm…

Still unreachable

The connection could not be restored.

Session expired

The server has moved on; the page needs a fresh start.